 Dungeon Crawl Stone Soup version 0.30-a0-210-g01b79a254e (webtiles) character file.

Game seed: 15631940120471430486

3499 themarg the Grappler (level 9, 0/88 HPs)
             Began as a Troll Fighter on Oct 5, 2022.
             Was a High Priest of Okawaru.
             Killed from afar by a manticore (11 damage)
             ... with a volley of spikes
             ... on level 8 of the Dungeon.
             The game lasted 00:30:03 (6568 turns).

themarg the Grappler (Troll Fighter)                Turns: 6568, Time: 00:30:04

Health: 0/88       AC:  5    Str: 30    XL:     9   Next: 80%
Magic:  6/8        EV: 11    Int:  4    God:    Okawaru [*****.]
Gold:   345        SH: 10    Dex:  9    Spells: 8/8 levels left

rFire   . . .      SeeInvis .      - Unarmed
rCold   . . .      Faith    .    b - +0 kite shield
rNeg    . . .      Spirit   .    a - +0 robe
rPois   +          Reflect  .    (helmet restricted)
rElec   .          Harm     .    F - +0 cloak
rCorr   +          Rampage  .    (gloves unavailable)
Will    .....                    (boots unavailable)
Stlth   +++.......               (no amulet)
HPRegen 1.14/turn                s - ring of poison resistance
MPRegen 0.11/turn                w - ring of resist corrosion

@: heroic, spiked
A: large, unfitting armour, claws 3, regeneration 1, shaggy fur 1, tough skin 1
a: Renounce Religion, Heroism, Finesse, Duel


You were on level 8 of the Dungeon.
You worshipped Okawaru.
Okawaru was extremely pleased with you.
You visited 1 branch of the dungeon, and saw 8 of its levels.
You also visited: Sewer.

You collected 453 gold pieces.
You spent 108 gold pieces at shops.

Inventory:

Hand Weapons
 i - a +2 spear of venom
Missiles
 e - a throwing net
 z - 12 poisoned darts
 M - 4 large rocks (quivered)
Armour
 a - a +0 robe (worn)
 b - a +0 kite shield (worn)
 F - a +0 cloak (worn)
Jewellery
 o - a ring of ice
 s - a ring of poison resistance (left claw)
 u - a ring of positive energy
 w - a ring of resist corrosion (right claw)
Wands
 x - a wand of mindburst (7)
 A - a wand of flame (33)
 D - a wand of roots (2)
 K - a wand of digging (6)
Scrolls
 f - 5 scrolls of teleportation
 g - a scroll of enchant weapon
 k - 2 scrolls of vulnerability
 n - a scroll of poison {unknown}
 p - a scroll of immolation {unknown}
 v - 2 scrolls of noise
 y - a scroll of fog {unknown}
 B - 2 scrolls of identify
 G - a scroll of fear {unknown}
 H - a scroll of blinking {unknown}
 I - a scroll of enchant armour {unknown}
 L - a scroll of magic mapping
Potions
 c - 3 potions of might
 d - 2 potions of haste
 h - 7 potions of flight
 j - 5 potions of heal wounds
 l - a potion of magic
 m - a potion of curing
 q - a potion of invisibility {unknown}
 r - 2 potions of berserk rage
 t - 5 potions of brilliance
 C - a potion of mutation {unknown}
 E - a potion of attraction {unknown}
 J - a potion of lignification {unknown}


   Skills:
 - Level 5.0(10.0) Fighting
 - Level 3.0(8.0) Dodging
 + Level 7.0(12.0) Shields
 - Level 11.0(16.0) Unarmed Combat


You had 8 spell levels left.
You didn't know any spells.
Your spell library contained the following spells:

 Spells                   Type           Power      Damage    Failure   Level
 Stone Arrow              Conj/Erth      0%         3d7       96%         3
 Fireball                 Conj/Fire      0%         3d3       100%        5
 Iskenderun's Battlesphe  Conj           0%         2d6       100%        5
 Conjure Ball Lightning   Conj/Air       0%         3x3d6     100%        6
 Orb of Destruction       Conj           0%         9d5       100%        7
 Lehudib's Crystal Spear  Conj/Erth      0%         10d2      100%        8
 Animate Armour           Summ/Erth      Unusable   N/A       N/A         4

Dungeon Overview and Level Annotations

Branches:
Dungeon (8/15)             Temple (0/1) D:7           Sewer (visited)
   Lair: D:8-11

Altars:
Okawaru

Shops:
D:3 (   D:4 *   D:6 *

Annotations:
D:4 Blork the orc


Innate Abilities, Weirdness & Mutations

You are too large for most types of armour.
You have claws for hands.
Your natural rate of healing is unusually fast.
You are covered in fur. (AC +1)
You have tough skin. (AC +1)


Message History

The volley of spikes hits you!
The barbed spikes become lodged in your body.
The barbs in your skin will harm you if you move.
Continue?
The barbed spikes dig painfully into your body as you move.
The manticore flicks its tail.
The volley of spikes hits you.
The barbed spikes become lodged in your body.
The barbed spikes dig painfully into your body as you move.
The barbed spikes dig painfully into your body as you move.
The barbed spikes dig painfully into your body as you move.
The barbed spikes dig painfully into your body as you move.
The barbed spikes dig painfully into your body as you move.
* * * LOW HITPOINT WARNING * * *
The barbed spikes dig painfully into your body as you move.
* * * LOW HITPOINT WARNING * * *
The manticore flicks its tail.
The volley of spikes misses you.
The barbed spikes dig painfully into your body as you move.
* * * LOW HITPOINT WARNING * * *
The barbed spikes dig painfully into your body as you move.
* * * LOW HITPOINT WARNING * * *
You feel much better.
Throw: 5 large rocks
Press: ? - help, Q - select action, (/) - cycle Shift-Dir - straight line, f/p - manticore
Aim: a manticore (68% to hit)
You throw a large rock.
The large rock barely misses the manticore.
The manticore flicks its tail.
The volley of spikes hits you!!
The barbed spikes become lodged in your body.
* * * LOW HITPOINT WARNING * * *
The manticore flicks its tail.
The volley of spikes hits you!
The barbed spikes become lodged in your body.
* * * LOW HITPOINT WARNING * * *
You gain the combat prowess of a mighty hero.
The manticore flicks its tail.
The volley of spikes hits you!
The barbed spikes become lodged in your body.
You die...

#..# #...#.# ####>#.
#H.####...#.###.# #.#.
#..............># #####...
#.#####.###.#######....)..
#.#....(# #.........###...
#..H...H###.######..# ##.#
###.####............####.#
#.# ##.########.))....#
#.# #@# ########.# #.# #.#
#####........# #.#
#<###.))..(....... #.#
#.....###.########
####.#############.#
#.......# #......#
#.......# #.######
#.......#####.#
#.............#


You could see a manticore.

Vanquished Creatures
  A cyclops (D:8)
  Sigmund (D:4)
  Menkaure (D:4)
  Edmund (D:4)
  4 water moccasins
  3 ice beasts
  A sky beast (D:6)
  A black bear (D:4)
  A centaur (D:7)
  A kobold brigand (D:7)
  3 bullfrogs
  4 scorpions
  6 wights (D:8)
  A howler monkey (D:4)
  2 hounds
  5 jellies
  An orc priest (D:6)
  8 iguanas
  A merfolk siren (Sewer)
  3 orc wizards
  A merfolk avatar (Sewer)
  Robin (D:4)
  10 adders
  7 gnolls
  3 river rats (Sewer)
  A shadow imp (D:5)
  3 white imps (D:7)
  2 ufetubi
  3 worms
  4 dart slugs
  7 orcs
  2 endoplasms
  3 giant cockroaches (Sewer)
  15 goblins
  5 hobgoblins
  2 jackals (D:2)
  5 quokkas
  14 ball pythons
  8 bats
  9 frilled lizards
  9 kobolds
  30 rats
  2 toadstools (D:1)
195 creatures vanquished.

Vanquished Creatures (others)
  A fungus (D:5)
  2 toadstools (D:1)
3 creatures vanquished.

Grand Total: 198 creatures vanquished

Notes
Turn   | Place    | Note
-------+----------+-------------------------------------------
     0 | D:1      | themarg the Troll Fighter began the quest for the Orb.
     0 | D:1      | Reached XP level 1. HP: 22/22 MP: 0/0
   350 | D:1      | Reached XP level 2. HP: 29/29 MP: 1/1
   425 | D:1      | Found a faded altar of an unknown god.
   480 | D:1      | Prayed at the altar of an unknown god.
   480 | D:1      | Became a worshipper of Warmaster Okawaru
   480 | D:1      | Reached * piety under Okawaru
   613 | D:1      | Reached skill level 3 in Unarmed Combat
   864 | D:2      | Reached XP level 3. HP: 36/36 MP: 2/2
  1125 | D:2      | Reached skill level 4 in Unarmed Combat
  1131 | D:2      | Reached XP level 4. HP: 33/44 MP: 3/3
  1339 | D:3      | Found Cef Jimi's Weapon Emporium.
  1641 | D:3      | You fall into a shaft and drop 3 floors!
  1672 | D:6      | Reached XP level 5. HP: 46/50 MP: 4/4
  1693 | D:6      | Found Ciujodubb's Commerce Corner.
  1709 | D:5      | Entered Level 5 of the Dungeon
  1833 | D:4      | Found a glowing drain.
  1843 | D:4      | Reached skill level 5 in Unarmed Combat
  1846 | Sewer    | Entered a sewer
  1872 | Sewer    | Reached ** piety under Okawaru
  2001 | Sewer    | Reached XP level 6. HP: 59/59 MP: 5/5
  2595 | D:4      | Noticed Menkaure
  2603 | D:4      | Killed Menkaure
  2604 | D:4      | Reached skill level 5 in Shields
  2604 | D:4      | Reached skill level 6 in Unarmed Combat
  2604 | D:4      | Reached XP level 7. HP: 66/66 MP: 6/6
  2683 | D:4      | Found Feypn's Assorted Antiques.
  2686 | D:4      | Bought a scroll of identify for 54 gold pieces
  2720 | D:4      | Noticed Blork the orc
  2720 | D:4      | Noticed Robin
  3177 | D:4      | Reached skill level 7 in Unarmed Combat
  3331 | D:4      | Killed Robin
  3389 | D:4      | Noticed Edmund
  3390 | D:4      | Noticed Sigmund
  3414 | D:4      | Killed Edmund
  3414 | D:4      | Reached *** piety under Okawaru
  3421 | D:4      | Killed Sigmund
  3422 | D:4      | Reached skill level 8 in Unarmed Combat
  3422 | D:4      | Reached XP level 8. HP: 65/74 MP: 7/7
  3813 | D:5      | Reached skill level 9 in Unarmed Combat
  4094 | D:5      | Reached **** piety under Okawaru
  4099 | D:5      | Reached skill level 10 in Unarmed Combat
  4511 | D:6      | Received a gift from Okawaru
  4512 | D:6      | Reached skill level 11 in Unarmed Combat
  4512 | D:6      | Reached XP level 9. HP: 68/80 MP: 8/8
  4528 | D:6      | Bought a +0 cloak for 54 gold pieces
  5908 | D:7      | Found a staircase to the Ecumenical Temple.
  5989 | D:7      | Reached skill level 5 in Fighting
  6525 | D:8      | Noticed a cyclops
  6530 | D:8      | Killed a cyclops
  6530 | D:8      | Reached ***** piety under Okawaru
  6552 | D:8      | Noticed a manticore
  6568 | D:8      | Killed from afar by a manticore

Illustrated notes

Levels and vault maps discovered:
D:1:      ldierk_water_garden, layout_basic, ebering_ecumenical_altar_mist
D:2:      layout_rooms, minmay_indecisive_spiral
D:3:      layout_basic, serial_shops, nicolae_shop_bloodbath_and_beyond,
          st_stairs_2, nicolae_concentric_dashed_squares_mild,
          kennysheep_generic_room_10
D:4:      layout_basic, cheibrodos_sewer_entry_sluice, serial_shops,
          kennysheep_mini_moat, sigmund_edmund_badplayer, uniq_edmund,
          uniq_blork_the_orc, uniq_robin, uniq_menkaure
D:5:      layout_gridville, dreamdust_gnoll_farm
D:6:      layout_loops_ring, nicolae_alphabet_shops, mrwooster_statue_mirror,
          grunt_ministairs_1
D:7:      layout_loops_corners, temple_statues
D:8:      layout_loops_ring

Skill      XL: |  1  2  3  4  5  6  7  8  9 |
---------------+----------------------------+-----
Unarmed Combat | 3 4 5 6 8 11 | 11.0
Shields        | 3 4 5 7 |  7.0
Fighting       | 5 |  5.0
Dodging        | 3 |  3.0

Action                   |  1- 3 |  4- 6 |  7- 9 || total
-------------------------+-------+-------+-------++-------
Melee: Unarmed           |    96 |   198 |   249 ||   543
Throw: Dart              |       |       |     9 ||     9
       Large rock        |       |       |     1 ||     1
Invok: Heroism           |       |       |     1 ||     1
Evoke: Wand              |       |       |     6 ||     6
  Use: Scroll            |       |     4 |     9 ||    13
       Potion            |       |       |     1 ||     1
 Stab: Sleeping          |     1 |     1 |       ||     2
Armor: Robe              |    31 |    52 |    44 ||   127
Dodge: Dodged            |    31 |    62 |    83 ||   176
Block: Kite shield       |    46 |    61 |    83 ||   190

Table legend: (Time is in decaauts)
 A = Elapsed time spent in this place.
 B = Non-inter-level travel time spent in this place.
 C = Inter-level travel time spent in this place.
 D = Time resting spent in this place.
 E = Time spent auto-exploring this place.
 F = Levels seen in this place.
 G = Mean time per level.
                   A        B        C        D        E       F      G
               +--------+--------+--------+--------+--------+-----+--------+
         Total |   6627 |   6403 |    224 |    394 |   4209 |   9 |  736.3 |
       Dungeon |   6060 |   5836 |    224 |    283 |   4116 |   8 |  757.5 |
         Sewer |    567 |    567 |      0 |    111 |     93 |   1 |  567.0 |
               +--------+--------+--------+--------+--------+-----+--------+

Top non-repeatable levels by time:
     D:7: 984 daAuts
     D:5: 921 daAuts
     D:1: 904 daAuts
     D:4: 873 daAuts
     D:6: 768 daAuts
     D:3: 695 daAuts
   Sewer: 567 daAuts
     D:8: 478 daAuts
     D:2: 433 daAuts
